 Dungeon Crawl Stone Soup version 0.29.1-4-g47bece8355 (webtiles) character file.

Game seed: 14673246235131076288

42 H0rd4k the Charlatan (level 3, -1/25 HPs)
             Began as an Octopode Artificer on Dec 5, 2022.
             Killed by divine providence
             ... invoked by an orc priest
              (14 damage)
             ... on level 3 of the Dungeon.
             The game lasted 00:01:36 (1866 turns).

H0rd4k the Charlatan (Octopode Artificer)           Turns: 1866, Time: 00:01:37

Health: -1/25      AC:  1    Str: 11    XL:     3   Next: 54%
Magic:  4/4        EV: 13    Int: 15    God:
Gold:   60         SH:  5    Dex: 12    Spells: 4/4 levels left

rFire   . . .      SeeInvis .   (no weapon)
rCold   . . .      Faith    .   (no shield)
rNeg    . . .      Spirit   .   (helmet restricted)
rPois   .          Reflect  +   e - amulet of reflection
rElec   .          Harm     .   i - ring of wizardry
rCorr   .          Rampage  .   (no ring)
Will    .....                   (no ring)
Stlth   +++.......              (no ring)
HPRegen 0.08/turn               (no ring)
MPRegen 0.09/turn               (no ring)
                                (no ring)
                                (no ring)

@: no status effects
A: almost no armour, amphibious, 8 rings, camouflage 1, gelatinous body 1,
(nimble swimmer 1), tentacles
a: no special abilities


You were on level 3 of the Dungeon.
You visited 1 branch of the dungeon, and saw 3 of its levels.

You collected 60 gold pieces.

Inventory:

Jewellery
 e - an amulet of reflection (around mantle)
 i - a ring of wizardry (left tentacle)
Wands
 b - a wand of flame (15) (quivered)
 c - a wand of charming (15)
 d - a wand of iceblast (5)
 n - a wand of roots (14)
Scrolls
 a - 5 scrolls of identify {unknown}
 g - a scroll of amnesia {unknown}
 j - a scroll of noise {unknown}
 k - a scroll of blinking {unknown}
 l - a scroll of fog {unknown}
Potions
 f - a potion of haste {unknown}
 h - a potion of brilliance {unknown}
 m - a potion of flight {unknown}
 o - a potion of invisibility {unknown}


   Skills:
 * Level 2.4 Fighting
 - Level 2.3 Dodging
 - Level 1.3 Stealth
 + Level 0.4 Shields
 + Level 0.8 Unarmed Combat
 * Level 1.2 Spellcasting
 - Level 3.2 Evocations


You had 4 spell levels left.
You didn't know any spells.
Your spell library was empty.

Dungeon Overview and Level Annotations

Branches:
Dungeon (3/15)

Altars:

Annotations:
D:1 1 transporter
D:2 Terence
D:3 exclusion: upstairs


Innate Abilities, Weirdness & Mutations

You cannot wear most types of armour.
You are amphibious.
You can wear up to eight rings at the same time.
Your skin changes colour to match your surroundings (Stealth+).
Your rubbery body absorbs attacks. (AC +1, EV +1)
((You are camouflaged when in or above water. (Stealth+)))
You have tentacles for arms and can constrict up to eight enemies at once.


Message History

Unknown command.
The bat hits you but does no damage. The bat misses you.
You tentacle-slap the bat. You grab the bat. You squeeze the bat.
You kill the bat!
No target in view!
No target in view!
No target in view!
You see here a bat corpse.
An orc comes into view. It is wielding a +0 flail.
Found 13 gold pieces.
An orc is nearby!
An orc is nearby!
An orc is nearby!
Found a scroll labelled QUOZUI RAIGU.
An orc comes into view. It is wielding a +0 falchion.
An orc comes into view. It is wielding a +0 dagger.
The orc shouts!
You hear a shout!
The orc shouts!
An orc wizard comes into view. It is wielding a +0 dagger.
An orc priest comes into view. It is wielding a +0 hand axe.
The orc wizard shouts!
The orc closely misses you.
You barely miss the orc.
The orc shouts!
Your grab misses the orc. Your squeeze misses the orc.
The orc barely misses you.
The orc priest mumbles some strange prayers to Beogh against you.
Beogh smites you!
You closely miss the orc. Your grab misses the orc.
Your tentacle-slap misses the orc.
The orc wizard casts a spell.
The orc wizard flickers and vanishes!
Deactivating autopickup; reactivate with Ctrl-A.
You block the orc's attack.
You tentacle-slap the orc but do no damage.
Your grab misses the orc.
The orc priest mumbles some strange prayers to Beogh against you.
Beogh smites you!
Ouch! That really hurt!
You die...

#.#######...#
...$........#
#.........##..
+....oo.......
#.........##..
#..{......# ##....?...#
#o###....# #@# .......
###.###...###.
#.............#
###.#.........#
#.............#
###.#.#...##..#
######.#.#.......#
#......#.#..###..# .#
.##.###.#.#..###..######


You could see an orc priest and 2 orcs.

Vanquished Creatures
  2 dart slugs (D:1)
  2 ball pythons (D:1)
  A bat (D:3)
  4 endoplasms
  2 giant cockroaches (D:1)
  3 goblins (D:1)
  3 hobgoblins (D:1)
  7 kobolds (D:1)
  2 quokkas
  3 frilled lizards
  3 rats
32 creatures vanquished.

Vanquished Creatures (others)
  14 demonic plants (D:1)
  7 fungi (D:1)
  4 plants (D:1)
  2 withered plants (D:1)
27 creatures vanquished.

Grand Total: 59 creatures vanquished

Notes
Turn   | Place    | Note
-------+----------+-------------------------------------------
     0 | D:1      | H0rd4k the Octopode Artificer began the quest for the Orb.
     0 | D:1      | Reached XP level 1. HP: 13/13 MP: 1/1
   381 | D:1      | Reached XP level 2. HP: 19/19 MP: 2/2
   606 | D:1      | Reached XP level 3. HP: 12/24 MP: 4/4
   846 | D:1      | Reached skill level 1 in Spellcasting
  1023 | D:1      | Found a faded altar of an unknown god.
  1507 | D:2      | Noticed Terence
  1866 | D:3      | Killed from afar by an orc priest

Illustrated notes

Levels and vault maps discovered:
D:1:      spicycebolla_arrival_risky_transporter, layout_rooms,
          shapermc_ecumenical_altar_gd
D:2:      layout_loops_ring, nicolae_concentric_dashed_squares_wild,
          grunt_ministairs_14, uniq_terence
D:3:      layout_basic, chei_slow_surprise, chequers_jeans, bh_walls_and_bars

Skill      XL: |  1  2  3 |
---------------+----------+-----
Fighting       | 2 |  2.4
Spellcasting   | 1 |  1.2
Dodging        | |  2.3
Stealth        | |  1.3
Shields        | |  0.4
Unarmed Combat | |  0.8
Evocations     | |  3.2

Action                   || total
-------------------------++-------
Melee: Unarmed           ||    85
       Tentacles         ||    22
       Constrict         ||    19
       Punch             ||     2
 Stab: Sleeping          ||     4
Armor: Skin              ||     4
Dodge: Dodged            ||    47
Block: Other             ||    20
